cohdb
Replays
Latest Replays
All Replays
Popular Replays
Top Player Replays
Match Explorer
How It Works
Community
CoH3 Stats
Reddit
Sign in to upload your games and track your stats! →
Sign in with Steam
Match 38205954
Unlisted
Match 38205954
Overview
Messages
Build Orders
End
Construct Barracks
Riflemen Squad
1⁄4-ton 4x4 Truck
Riflemen Squad
Selects Armored Battlegroup
Selects Veteran Crews
Grenade Package
Engineer Squad
Riflemen Squad
Construct Medical Station
Mechanized Support Center
M1918 Browning Automatic Rifles
M1 Mortar Team
Riflemen Squad
Construct Tank Depot
Selects M31 Recovery Vehicle
Selects War Machine
Selects Strength in Steel
Selects Seek and Destroy
Selects UNKNOWN (2160077)
M4A3E8 Sherman Easy Eight
.30 cal Machine Gun
Designate Forward Repair Station
M4A3E8 Sherman Easy Eight
Construct Weapon Support Center
Salvage Crew
Bruistablet
NB
Mirland
ROGHT44
0
0
Comments
sign in to comment!
No comments posted yet!